 Dungeon Crawl Stone Soup version 0.19.1 (webtiles) character file.

16 hal2100 the Digger (level 2, 0/15 HPs)
             Began as a Gargoyle Earth Elementalist on Dec 12, 2016.
             Slain by a leopard gecko (1 damage)
             ... on level 1 of the Dungeon.
             The game lasted 00:08:36 (697 turns).

hal2100 the Digger (Gargoyle Earth Elementalist)     Turns: 697, Time: 00:08:36

Health: 0/15       AC:  4    Str: 11    XL:     2   Next: 58%
Magic:  0/5        EV: 12    Int: 15    God:
Gold:   8          SH:  0    Dex: 10    Spells: 1 memorised, 5 levels left

rFire  . . .     SeeInvis .     a - -3 dagger (curse)
rCold  . . .     Gourm    .     c - +0 robe
rNeg   + . .     Faith    .     (no shield)
rPois  ∞         Spirit   .     (no helmet)
rElec  +         Reflect  .     (no cloak)
rCorr  .         Harm     .     (no gloves)
MR     .....                    (no boots)
Stlth  ++........               (no amulet)
                                (no ring)
                                (no ring)

@: no status effects
A: negative energy resistance 1, electricity resistance, unbreathing,
petrification resistance, rot immunity, AC +2
a: no special abilities


You were on level 1 of the Dungeon.
You were not hungry.

You visited 1 branch of the dungeon, and saw 1 of its levels.

You collected 8 gold pieces.

Inventory:

Hand Weapons
 a - a cursed -3 dagger (weapon)
 h - a +0 dagger
Missiles
 b - 105 stones (quivered)
Armour
 c - a +0 robe (worn)
Scrolls
 f - a scroll of amnesia
Books
 e - a book of Geomancy

   Spells                             Type                      Level
   a - Sandblast                      Earth                        1
   b - Passwall                       Transmutation/Earth          2
   c - Stone Arrow                    Conjuration/Earth            3
   d - Petrify                        Transmutation/Earth          4
   e - Lee's Rapid Deconstruction     Earth                        5
Comestibles
 d - a bread ration
 g - 2 chunks of flesh


   Skills:
 - Level 1.5 Dodging
 - Level 2.2 Stealth
 * Level 2.5 Spellcasting
   Level 0.7 Transmutations
 + Level 4.0 Earth Magic


You had 5 spell levels left.
You knew the following spells:

 Your Spells              Type           Power        Failure   Level  Hunger
a - Sandblast             Erth           ##....       4%          1    #......


Dungeon Overview and Level Annotations

Branches:
Dungeon (1/15)

Altars:


Innate Abilities, Weirdness & Mutations

You are resistant to torment.
Your stone body is resilient. (AC +2)
You are immune to poison.
You resist negative energy. (rN+)
You are resistant to electric shocks. (rElec)
You can survive without breathing.
You are immune to petrification.
You are immune to rotting.


Message History

Casting: Sandblast
Confirm with . or Enter, or press ? or * to list all spells.
Aiming: Sandblast
Press: ? - help, Shift-Dir - straight line, f/p - leopard gecko
Aim: a leopard gecko (severely wounded, clinging)
The blast of sand misses the leopard gecko.
The blast of sand hits the goblin.
You kill the goblin!
The leopard gecko barely misses you. The leopard gecko closely misses you.
You aren't carrying any potions.
Okay, then.
The leopard gecko closely misses you.
Casting: Sandblast
Confirm with . or Enter, or press ? or * to list all spells.
Aiming: Sandblast
Press: ? - help, Shift-Dir - straight line, f/p - leopard gecko
Aim: a leopard gecko (moderately wounded, clinging)
The blast of sand misses the leopard gecko.
The leopard gecko bites you.
You die...

####...... ...
..##..#### #.#
#.##..####
##.####.##......
...........####
###.####.##..####
............##..
#####..###.#...##..
#l@....##......##..
#.###.............. #l#
#..##..#...#...
#.###......#...#... #
#.#.#..##..#.....##
##.##.#.#..........####
#....w......#..........
#..##.#...............#
#. #.#.#...#.##...##.#


You could see a dart slug and 2 leopard geckos.

Vanquished Creatures
  A giant cockroach (D:1)
  A hobgoblin (D:1)
  4 kobolds (D:1)
  3 bats (D:1)
  A frilled lizard (D:1)
  4 goblins (D:1)
  A rat (D:1)
15 creatures vanquished.

Notes
Turn   | Place    | Note
-------+----------+-------------------------------------------
     0 | D:1      | hal2100 the Gargoyle Earth Elementalist began the quest for the Orb.
     0 | D:1      | Reached XP level 1. HP: 10/10 MP: 3/3
   297 | D:1      | Reached XP level 2. HP: 5/15 MP: 0/5
   498 | D:1      | Reached skill level 4 in Earth Magic
   697 | D:1      | Slain by a leopard gecko

Skill      XL: |  1  2 |
---------------+-------+-----
Earth Magic    | 4 |  4.0
Dodging        | |  1.5
Stealth        | |  2.2
Spellcasting   | |  2.5
Transmutations | |  0.7

Action                   || total
-------------------------++-------
Melee: Dagger            ||    13
       Unarmed           ||     2
 Cast: Sandblast         ||    44
  Use: Scroll            ||     3
Armor: Robe              ||    16
Dodge: Dodged            ||    53
